 Dungeon Crawl Stone Soup version 0.22.1-2-g9c5b331 (webtiles) character file.

275 Yoni the Cutter (level 6, -12/48 HPs)
             Began as a Human Berserker on Dec 20, 2018.
             Was a Priest of Trog.
             Mangled by an iguana (13 damage)
             ... on level 4 of the Dungeon.
             The game lasted 00:18:50 (2907 turns).

Yoni the Cutter (Human Berserker)                   Turns: 2907, Time: 00:18:51

Health: -12/48     AC:  5    Str: 19    XL:     6   Next: 49%
Magic:  6/6        EV:  9    Int:  8    God:    Trog [***...]
Gold:   191        SH:  7    Dex: 12    Spells: 5/5 levels left

rFire    . . .     SeeInvis .   p - +0 long sword
rCold    . . .     Gourm    .   t - +0 shield
rNeg     . . .     Faith    .   i - +0 ring mail
rPois    .         Spirit   .   (no helmet)
rElec    .         Reflect  .   o - scarf {repulsion}
rCorr    .         Harm     .   (no gloves)
MR       .....                  (no boots)
Stlth    +.........             s - amulet of regeneration
HPRegen  0.56/turn              (no ring)
MPRegen  0.10/turn              (no ring)

@: repel missiles
A: no striking features
a: Berserk, Trog's Hand, Renounce Religion


You were on level 4 of the Dungeon.
You worshipped Trog.
Trog was most pleased with you.
You were not hungry.

You visited 1 branch of the dungeon, and saw 4 of its levels.

You collected 191 gold pieces.

Inventory:

Hand Weapons
 a - a +1 short sword
 p - a +0 long sword (weapon)
Missiles
 g - 38 poisoned needles
Armour
 b - a +1 animal skin
 h - a +0 leather armour
 i - a +0 ring mail (worn)
 o - a scarf of repulsion (worn)
 t - a +0 shield (worn)
Jewellery
 s - an amulet of regeneration (around neck)
Scrolls
 d - 6 scrolls of identify
 j - a scroll of enchant weapon
 k - a scroll of fear
 m - 2 scrolls of teleportation
Potions
 n - a potion of ambrosia
 r - 2 potions of magic
Comestibles
 c - 10 rations
 f - 2 chunks of flesh


   Skills:
 + Level 3.8 Fighting
 + Level 4.5(4.7) Short Blades
 + Level 1.9(3.4) Long Blades
 + Level 3.6 Armour
 + Level 2.9 Dodging


You had 5 spell levels left.
You didn't know any spells.
Your spell library was empty.

Dungeon Overview and Level Annotations

Branches:
Dungeon (4/15)
 Temple: D:4-7

Altars:
Okawaru
Trog
The Shining One


Message History

The iguana closely misses you.
You hit the iguana.
The iguana is almost dead.
The iguana bites you but does no damage.
You hit the iguana but do no damage.
The iguana is almost dead.
The iguana barely misses you. You block the iguana's attack.
You hit the iguana but do no damage.
The iguana is almost dead.
The iguana closely misses you.
You hit the iguana but do no damage.
The iguana is almost dead.
The iguana bites you!
* * * LOW HITPOINT WARNING * * *
You closely miss the iguana.
The iguana is almost dead.
The iguana bites you.
* * * LOW HITPOINT WARNING * * *
The iguana bites you!
You die...

# ##'## # #.# #.#
############.#####
..............##..
######.##.....#.#
# #.###...##.# #.#
#.# #...##l# ..
#.###.#.##@#.#
#............#
##########......#
########


You could see an iguana.

Vanquished Creatures
  An orc priest (D:4)
  An iguana (D:2)
  A worker ant zombie (D:3)
  8 adders
  3 worms
  5 dart slugs
  5 leopard geckos
  10 orcs
  11 bats
  7 goblins
  11 hobgoblins
  7 jackals
  2 quokkas (D:3)
  2 ball pythons
  4 frilled lizards
  13 kobolds
  15 rats
106 creatures vanquished.

Notes
Turn   | Place    | Note
-------+----------+-------------------------------------------
     0 | D:1      | Yoni the Human Berserker began the quest for the Orb.
     0 | D:1      | Reached XP level 1. HP: 18/18 MP: 1/1
    27 | D:1      | Reached XP level 2. HP: 6/24 MP: 2/2
    57 | D:1      | HP: 1/24 [rat (2)]
   485 | D:1      | Reached XP level 3. HP: 24/29 MP: 3/3
   614 | D:1      | Reached ** piety under Trog
   866 | D:2      | Reached XP level 4. HP: 35/35 MP: 4/4
  1114 | D:2      | Reached skill level 4 in Short Blades
  1340 | D:2      | Reached XP level 5. HP: 39/41 MP: 5/5
  1847 | D:2      | Found an iron altar of Okawaru.
  2062 | D:3      | Reached *** piety under Trog
  2206 | D:3      | Reached XP level 6. HP: 29/48 MP: 6/6
  2261 | D:3      | Found a glowing golden altar of the Shining One.
  2365 | D:3      | Found a bloodstained altar of Trog.
  2466 | D:3      | Reached skill level 1 in Long Blades
  2907 | D:4      | HP: 1/48 [iguana (5)]
  2907 | D:4      | Mangled by an iguana

Skill      XL: |  1  2  3  4  5  6 |
---------------+-------------------+-----
Short Blades   | 4 |  4.5
Armour         | 3 |  3.6
Long Blades    | 1 |  1.9
Fighting       | |  3.8
Dodging        | |  2.9

Action                   |  1- 3 |  4- 6 || total
-------------------------+-------+-------++-------
Melee: Short sword       |   124 |   124 ||   248
       Long sword        |       |   170 ||   170
Invok: Berserk           |     1 |     6 ||     7
       Trog's Hand       |       |     2 ||     2
  Use: Scroll            |     5 |     3 ||     8
       Potion            |     4 |       ||     4
 Stab: Sleeping          |     1 |       ||     1
  Eat: Chunk             |       |    11 ||    11
       Ration            |       |     1 ||     1
Armor: Animal skin       |     6 |       ||     6
       Leather armour    |     6 |       ||     6
       Ring mail         |    31 |    78 ||   109
Dodge: Dodged            |    86 |   186 ||   272
       Deflected         |       |     5 ||     5
Block: Shield            |       |    28 ||    28
       Rpst.: Long sword |       |    35 ||    35
